 Dungeon Crawl Stone Soup version 0.30-a0-718-geaa24f58ff (webtiles) character file.

Game seed: 1352829784597179513

128 ASSMAN the Charlatan (level 4, 0/35 HPs)
             Began as a Demonspawn Artificer on Jan 25, 2023.
             Was a Follower of Okawaru.
             Slain by an orc
             ... wielding a +0 hand axe
              (4 damage)
             ... on level 3 of the Dungeon.
             The game lasted 00:04:19 (3069 turns).

ASSMAN the Charlatan (Demonspawn Artificer)         Turns: 3069, Time: 00:04:20

Health: 0/35       AC:  5    Str: 12    XL:     4   Next: 86%
Magic:  2/4        EV: 13    Int: 21    God:    Okawaru [*.....]
Gold:   162        SH:  5    Dex: 13    Spells: 0/3 levels left

rFire   . . .      SeeInvis .    s - +0 mace
rCold   . . .      Faith    .    l - +0 buckler
rNeg    . . .      Spirit   .    b - +0 leather armour
rPois   .          Reflect  .    A - +0 helmet
rElec   .          Harm     .    (no cloak)
rCorr   .          Rampage  .    (no gloves)
Will    .....                    (no boots)
Stlth   +++                      (no amulet)
HPRegen 0.25/turn                i - +6 ring of intelligence
MPRegen 0.09/turn                (no ring)

@: heroic
A: demonic magic 1, demonic touch 1
a: Renounce Religion, Heroism


You were on level 3 of the Dungeon.
You worshipped Okawaru.
Okawaru was aware of your devotion.
You visited 1 branch of the dungeon, and saw 4 of its levels.

You collected 162 gold pieces.

Inventory:

Hand Weapons
 s - a +0 mace (weapon)
Armour
 b - a +0 leather armour (worn)
 l - a +0 buckler (worn)
 p - a +0 kite shield
 A - a +0 helmet (worn)
Jewellery
 i - a +6 ring of intelligence (left hand)
Wands
 c - a wand of flame (15) (quivered)
 d - a wand of charming (15)
 e - a wand of iceblast (5)
Scrolls
 a - a scroll of vulnerability {unknown}
 j - a scroll of noise {unknown}
 k - 5 scrolls of identify {unknown}
 m - a scroll of enchant armour {unknown}
 n - a scroll of fog {unknown}
 q - 3 scrolls of immolation {unknown}
 r - a scroll of torment {unknown}
 t - 4 scrolls of teleportation {unknown}
 y - a scroll of poison {unknown}
Potions
 h - a potion of flight
 o - a potion of cancellation {unknown}
 u - a potion of ambrosia {unknown}
 v - a potion of brilliance {unknown}
 w - a potion of attraction {unknown}
 x - a potion of resistance {unknown}
 z - a potion of haste {unknown}


   Skills:
 + Level 3.3(8.3) Fighting
 - Level 1.7(6.7) Armour
 - Level 0.8(5.8) Dodging
 - Level 0.8(5.8) Stealth
 + Level 4.5 Evocations


You couldn't memorise any spells.
You knew the following spells:

 Your Spells              Type           Power      Damage    Failure   Level
a - Vampiric Draining     Necr           0%         2d6       65%         3

Your spell library contained the following spells:

 Spells                   Type           Power      Damage    Failure   Level
 Necrotise                Necr           0%         1d4       28%         1
 Agony                    Necr           0%         N/A       100%        5


Dungeon Overview and Level Annotations

Branches:
Dungeon (4/15)             Temple (0/1) D:4

Altars:
Makhleb
Okawaru

Shops:
D:1 ?


Innate Abilities, Weirdness & Mutations

Spells you cast may paralyse adjacent enemies.
Your touch may inflict minor irresistible damage on your foes.


Message History

The orc attacks as you move away! The orc hits you with a +0 hand axe.
* * * LOW HITPOINT WARNING * * *
You feel better. The orc hits you with a +0 hand axe.
You closely miss the orc. The orc hits you with a +0 hand axe.
* * * LOW HITPOINT WARNING * * *
You hit the orc.
The orc is lightly wounded.
The orc barely misses you.
You feel better. The orc hits you with a +0 falchion.
You feel better. The orc hits you but does no damage.
You barely miss the orc. You block the orc's attack.
You hit the orc but do no damage. The orc hits you with a +0 falchion.
You hit the orc.
The orc is heavily wounded.
The orc hits you but does no damage. The orc hits you with a +0 falchion.
You barely miss the orc.
The orc is heavily wounded.
You block the orc's attack.
You barely miss the orc.
The orc is moderately wounded.
The orc barely misses you. The orc hits you with a +0 falchion.
You hit the orc.
The orc is almost dead.
The orc hits you with a +0 falchion!
* * * LOW HITPOINT WARNING * * *
You barely miss the orc.
The orc is almost dead.
You block the orc's attack. The orc hits you with a +0 falchion.
* * * LOW HITPOINT WARNING * * *
You hit the orc.
You kill the orc!
Okawaru accepts your kill. The orc hits you but does no damage.
Okay, then.
You gain the combat prowess of a mighty hero.
The orc hits you but does no damage.
You closely miss the orc.
The orc is lightly wounded.
The orc hits you with a +0 hand axe.
You die...

###.#.# #.....# ....#.#
#.....# ###.#.# #.....#
###.# #.#+##########
#...# #............#
#.############)†#######.#
#.............o>### #.#
##############o##≈≈######
#@##≈##§#⌠## #.##§#≈§§§≈#
#.##≈#≈...≈##
#...≈#≈...§⌠#
###..'.._.≈## ##≈#§...≈⌠#
#≈#≈...≈## #§#≈≈≈≈≈#
#§##⌠#⌠##


You could see 2 orcs.

Vanquished Creatures
  A necrophage (D:4)
  2 adders
  2 dart slugs
  An orc (D:3)
  5 endoplasms
  7 goblins
  4 hobgoblins
  2 quokkas
  5 ball pythons
  A bat (D:2)
  A frilled lizard (D:3)
  6 kobolds
  4 rats
41 creatures vanquished.

Notes
Turn   | Place    | Note
-------+----------+-------------------------------------------
     0 | D:1      | ASSMAN the Demonspawn Artificer began the quest for the
                  | Orb.
     0 | D:1      | Reached XP level 1. HP: 15/15 MP: 1/1
   185 | D:1      | Found Gutwuts's Magic Scroll Boutique.
   374 | D:1      | Gained mutation: Spells you cast may paralyse adjacent
                  | enemies. [demonic ancestry]
   374 | D:1      | Reached XP level 2. HP: 12/21 MP: 2/2
   614 | D:1      | Found a faded altar of an unknown god.
   623 | D:1      | Prayed at the altar of an unknown god.
   623 | D:1      | Became a worshipper of Warmaster Okawaru
   623 | D:1      | Reached * piety under Okawaru
  1238 | D:2      | Gained mutation: Your touch may inflict minor irresistible
                  | damage on your foes. [demonic ancestry]
  1238 | D:2      | Reached XP level 3. HP: 20/27 MP: 3/3
  2199 | D:3      | Found a burning altar of Makhleb.
  2814 | D:4      | Noticed a necrophage
  2823 | D:4      | Killed a necrophage
  2824 | D:4      | Reached skill level 4 in Evocations
  2824 | D:4      | Reached XP level 4. HP: 15/35 MP: 1/4
  2863 | D:4      | Found a staircase to the Ecumenical Temple.
  2890 | D:4      | Learned a level 3 spell: Vampiric Draining
  3069 | D:3      | Slain by an orc

Illustrated notes

Levels and vault maps discovered:
D:1:      dpeg_arrival_concentric_ovals, layout_loops_ring,
          ebering_ecumenical_altar_rust, serial_shops,
          nicolae_shop_advertising_works [nicolae_subvault_shop_adworks],
          hangedman_decor_clover_reticule
D:2:      layout_loops_ring
D:3:      layout_basic, lightli_temple_of_fire
D:4:      minmay_bubble_buster, layout_cave_pools,
          mainiacjoe_overflow_concentric_impassable, kiku_gazebo_garden_becter,
          minmay_temple_entry_tees, portal_sewer_entry_d, serial_park_tiny_2,
          uniq_ijyb, uniq_robin

Skill      XL: |  1  2  3 |
---------------+----------+-----
Fighting       | 2 3 |  3.3
Evocations     | 4 |  4.5
Armour         | |  1.7
Dodging        | |  0.8
Stealth        | |  0.8

Action                     |  1- 3 |  4- 6 || total
---------------------------+-------+-------++-------
  Melee: Club              |    69 |       ||    69
         Mace              |    55 |    33 ||    88
 Invoke: Heroism           |     1 |     1 ||     2
    Use: Potion            |       |     6 ||     6
   Stab: Sleeping          |     2 |       ||     2
 Armour: Leather armour    |    30 |    17 ||    47
  Dodge: Dodged            |    75 |    39 ||   114
  Block: Buckler           |    16 |    16 ||    32

Table legend: (Time is in decaauts)
 A = Elapsed time spent in this place.
 B = Non-inter-level travel time spent in this place.
 C = Inter-level travel time spent in this place.
 D = Time resting spent in this place.
 E = Time spent auto-exploring this place.
 F = Levels seen in this place.
 G = Mean time per level.
                   A        B        C        D        E       F      G
               +--------+--------+--------+--------+--------+-----+--------+
         Total |   3131 |   2954 |    177 |     90 |   2364 |   4 |  782.8 |
       Dungeon |   3131 |   2954 |    177 |     90 |   2364 |   4 |  782.8 |
               +--------+--------+--------+--------+--------+-----+--------+

Top non-repeatable levels by time:
     D:3: 1181 daAuts
     D:1: 963 daAuts
     D:2: 830 daAuts
     D:4: 156 daAuts
